 Dungeon Crawl Stone Soup version 0.27-a0-1256-gced786f65e (webtiles) character file.

Game seed: 303360289193954295

866 senseless the Shooter (level 7, -7/63 HPs)
             Began as a Minotaur Hunter on June 10, 2021.
             Mangled by a gargoyle
             ... wielding a +0 flail
              (10 damage)
             ... on level 6 of the Dungeon.
             The game lasted 00:13:46 (4391 turns).

senseless the Shooter (Minotaur Hunter)             Turns: 4391, Time: 00:13:47

Health: -7/63      AC:  7    Str: 16    XL:     7   Next: 72%
Magic:  6/6        EV: 13    Int:  8    God:
Gold:   164        SH:  5    Dex: 13    Spells: 6/6 levels left

rFire    . . .     SeeInvis .   b - +4 dagger
rCold    . . .     Faith    .   (no shield)
rNeg     . . .     Spirit   .   c - +3 leather armour
rPois    .         Reflect  +   (helmet restricted)
rElec    .         Harm     .   k - +0 cloak
rCorr    .         Rampage  .   (no gloves)
Will     .....                  (no boots)
Stlth    ++........             x - amulet of reflection
HPRegen  0.20/turn              (no ring)
MPRegen  0.10/turn              (no ring)

@: mighty, brilliant
A: horns 2, retaliatory headbutt
a: no special abilities


You were on level 6 of the Dungeon.
You visited 1 branch of the dungeon, and saw 7 of its levels.

You collected 164 gold pieces.

Inventory:

Hand Weapons
 a - a +2 shortbow
 b - a +4 dagger (weapon)
 e - a +1 whip of freezing
 h - a +3 dagger
 j - a +0 short sword
Missiles
 d - 86 arrows
 f - 12 poisoned darts (quivered)
 m - a throwing net
 w - 7 atropa-tipped darts
Armour
 c - a +3 leather armour (worn)
 k - a +0 cloak (worn)
Magical Staves
 p - a staff of air
Jewellery
 t - a ring of wizardry
 x - an amulet of reflection (around neck)
Wands
 o - a wand of charming (9)
 s - a wand of flame (17)
 u - a wand of iceblast (8)
 B - a wand of acid (16)
Scrolls
 i - a scroll of summoning
 n - 3 scrolls of identify
 v - a scroll of teleportation
 y - a scroll of enchant armour
Potions
 l - 2 potions of haste
 r - a potion of invisibility {unknown}
 z - a potion of resistance {unknown}
 A - a potion of heal wounds {unknown}


   Skills:
 * Level 6.3 Fighting
 * Level 6.7 Bows
 + Level 3.7 Armour
 + Level 4.0 Dodging
 + Level 2.7 Stealth


You had 6 spell levels left.
You didn't know any spells.
Your spell library contained the following spells:

 Spells                   Type           Power      Damage    Failure   Level
 Foxfire                  Conj/Fire      0%         2x1d4     45%         1
 Conjure Flame            Conj/Fire      0%         6-21      83%         3
 Inner Flame              Hex/Fire       0%         N/A       83%         3
 Sticky Flame             Conj/Fire      0%         2d3       99%         4
 Fireball                 Conj/Fire      0%         3d3       100%        5


Dungeon Overview and Level Annotations

Branches:
Dungeon (7/15)
 Temple: D:4-7

Altars:
Trog
Xom


Innate Abilities, Weirdness & Mutations

You have a pair of horns on your head.
You reflexively headbutt those who attack you in melee.


Message History

The phantom is heavily damaged.
The phantom closely misses you. You furiously retaliate!
You headbutt the phantom! You closely miss the phantom.
The phantom is severely damaged.
The phantom barely misses you. You furiously retaliate!
You headbutt the phantom. You hit the phantom.
You destroy the phantom!
Your Dodging skill increases to level 4!
You closely miss the giant cockroach.
Your headbutt misses the giant cockroach.
The giant cockroach bites you.
You hit the giant cockroach.
Your headbutt misses the giant cockroach.
The giant cockroach is moderately wounded.
You block the giant cockroach's attack.
You hit the giant cockroach.
The giant cockroach is moderately wounded.
The giant cockroach barely misses you.
You hit the giant cockroach.
You kill the giant cockroach!
You hit the gargoyle but do no damage. The gargoyle completely misses you.
You furiously retaliate!
You headbutt the gargoyle, but do no damage.
You hit the gargoyle.
The gargoyle is lightly damaged.
The gargoyle hits you with a +0 flail!
You hit the gargoyle but do no damage.
The gargoyle is lightly damaged.
The gargoyle hits you with a +0 flail!!
* * * LOW HITPOINT WARNING * * *
An ice beast comes into view.
It was a potion of might.
You feel very mighty all of a sudden. You block the gargoyle's attack.
It was a potion of brilliance.
You feel clever all of a sudden. The gargoyle hits you with a +0 flail!
You die...

#
#.#.###.#.#...#...
#.
#.#.....#.#....###
#.##.....Y.#.#.#.##
#
#............#.#.#
#
#..........###.#.#
# ####....#.##
#.#.# #......#
#.#.# #9#(.#9#
#@#..#.# .
.......(#..# #
#.####......
......(. #(###..###
.. ..# #≈. ..# ≈≈≈
.#


You could see a gargoyle and an ice beast.

Vanquished Creatures
  A water moccasin (D:5)
  An ice beast (D:6)
  A centaur (D:7)
  An ogre (D:4)
  2 phantoms
  A hound (D:4)
  A centaur skeleton (D:4)
  An iguana (D:7)
  3 orc wizards (D:4)
  3 gnolls (D:4)
  6 adders
  2 adder skeletons (D:4)
  2 dart slugs
  9 orcs
  6 endoplasms
  5 giant cockroaches
  11 goblins
  7 hobgoblins
  13 jackals
  10 kobolds
  3 quokkas
  2 ball pythons
  3 bats
  A frilled lizard (D:1)
  4 rats
99 creatures vanquished.

Notes
Turn   | Place    | Note
-------+----------+-------------------------------------------
     0 | D:1      | senseless the Minotaur Hunter began the quest for the Orb.
     0 | D:1      | Reached XP level 1. HP: 18/18 MP: 0/0
   352 | D:1      | Reached XP level 2. HP: 25/25 MP: 1/1
   415 | D:1      | Reached skill level 1 in Stealth
   641 | D:1      | Reached skill level 1 in Armour
   782 | D:1      | Reached XP level 3. HP: 24/31 MP: 2/2
  1425 | D:2      | Found a faded altar of an unknown god.
  1657 | D:2      | Found a shimmering altar of Xom.
  1724 | D:2      | Reached XP level 4. HP: 26/40 MP: 3/3
  1877 | D:2      | Reached skill level 5 in Bows
  2054 | D:3      | Found a shimmering altar of Xom.
  2180 | D:3      | Found a bloodstained altar of Trog.
  3047 | D:4      | Reached XP level 5. HP: 46/46 MP: 4/4
  3064 | D:4      | Noticed a phantom
  3080 | D:4      | Killed a phantom
  3081 | D:4      | Reached XP level 6. HP: 49/55 MP: 5/5
  3161 | D:4      | Reached skill level 5 in Fighting
  3691 | D:5      | Entered Level 5 of the Dungeon
  3702 | D:5      | Noticed a water moccasin
  3715 | D:5      | Killed a water moccasin
  3716 | D:5      | Reached XP level 7. HP: 33/61 MP: 6/6
  4024 | D:5      | You fall into a shaft and drop 2 floors!
  4376 | D:6      | Noticed a gargoyle
  4389 | D:6      | HP: 3/63 [gargoyle/+0 flail (20)]
  4391 | D:6      | Mangled by a gargoyle

Illustrated notes

Levels and vault maps discovered:
D:1:      shiori_arrival_oz, layout_basic
D:2:      layout_basic, chequers_ecumenical_altar_island, basic_altar,
          lemuel_old_faithful
D:3:      layout_basic, lemuel_round_altar, trog_three_pillars_becter,
          minmay_crystal_water
D:4:      layout_rooms, abandoned_shop, minivault_26
D:5:      layout_loops_corners, lemuel_doored_altar
D:6:      layout_loops_ring, nzn_wu_jian_council_hall, minmay_temple_entry_grid,
          cheibrodos_sewer_entry_drain
D:7:      layout_cave_pools

Skill      XL: |  1  2  3  4  5  6  7 |
---------------+----------------------+-----
Fighting       | 3 4 5 6 |  6.3
Stealth        | 1 2 |  2.7
Armour         | 1 2 3 |  3.7
Bows           | 5 6 |  6.7
Dodging        | 3 4 |  4.0

Action                   |  1- 3 |  4- 6 |  7- 9 || total
-------------------------+-------+-------+-------++-------
Melee: Short sword       |    47 |       |       ||    47
       Headbutt          |    10 |     8 |     8 ||    26
       Dagger            |    35 |    52 |    28 ||   115
 Fire: Shortbow          |    54 |    78 |    20 ||   152
Throw: Dart              |     3 |     2 |       ||     5
  Use: Scroll            |       |    10 |     1 ||    11
       Potion            |       |       |     2 ||     2
 Stab: Sleeping          |     1 |       |       ||     1
Armor: Leather armour    |    23 |    18 |     8 ||    49
Dodge: Dodged            |    41 |    30 |    17 ||    88
Block: Other             |       |     8 |    12 ||    20
       Reflection        |       |       |     2 ||     2

Table legend: (Time is in decaauts)
 A = Elapsed time spent in this place.
 B = Non-inter-level travel time spent in this place.
 C = Inter-level travel time spent in this place.
 D = Time resting spent in this place.
 E = Time spent auto-exploring this place.
 F = Levels seen in this place.
 G = Mean time per level.
                   A        B        C        D        E       F      G
               +--------+--------+--------+--------+--------+-----+--------+
         Total |   4375 |   4287 |     88 |      2 |   3686 |   7 |  625.0 |
       Dungeon |   4375 |   4287 |     88 |      2 |   3686 |   7 |  625.0 |
               +--------+--------+--------+--------+--------+-----+--------+

Top non-repeatable levels by time:
     D:1: 1187 daAuts
     D:3: 1035 daAuts
     D:2: 781 daAuts
     D:4: 674 daAuts
     D:5: 331 daAuts
     D:7: 222 daAuts
     D:6: 141 daAuts
